 Dungeon Crawl Stone Soup version 0.27.1-33-g824d729ab1 (webtiles) character file.

Game seed: 754769359848393626

264 McKennaii the Chiller (level 5, -6/38 HPs)
             Began as a Demigod Ice Elementalist on Dec 2, 2021.
             Mangled by a gnoll (8 damage)
             ... on level 4 of the Dungeon.
             The game lasted 00:05:03 (4682 turns).

McKennaii the Chiller (Demigod Ice Elementalist)    Turns: 4682, Time: 00:05:03

Health: -6/38      AC:  3    Str:  9    XL:     5   Next: 66%
Magic:  0/12       EV: 13    Int: 21    God:
Gold:   144        SH:  0    Dex: 14    Spells: 6/10 levels left

rFire    . . .     SeeInvis .   (no weapon)
rCold    . . .     Faith    .   (no shield)
rNeg     . . .     Spirit   .   a - +0 robe
rPois    .         Reflect  .   (no helmet)
rElec    .         Harm     .   d - +0 cloak
rCorr    .         Rampage  .   (no gloves)
Will     .....                  (no boots)
Stlth    ++........             (no amulet)
HPRegen  0.12/turn              (no ring)
MPRegen  0.13/turn              (no ring)

@: mighty, freezing walls, very slightly contaminated
A: high mp 1, forlorn
a: no special abilities


You were on level 4 of the Dungeon.
You visited 1 branch of the dungeon, and saw 4 of its levels.

You collected 144 gold pieces.

Inventory:

Armour
 a - a +0 robe (worn)
 d - a +0 cloak (worn)
Jewellery
 b - a +6 ring of strength
Scrolls
 c - 3 scrolls of teleportation {unknown}
 f - a scroll of holy word {unknown}
 g - 4 scrolls of identify {unknown}
 i - 2 scrolls of magic mapping {unknown}
 k - 2 scrolls of brand weapon {unknown}
 l - 3 scrolls of torment {unknown}
 m - a scroll of summoning {unknown}
Potions
 h - a potion of flight {unknown}
 j - a potion of mutation {unknown}


   Skills:
 - Level 3.0 Dodging
 - Level 3.0 Stealth
 + Level 3.1 Spellcasting
 + Level 4.8 Ice Magic


You had 6 spell levels left.
You knew the following spells:

 Your Spells              Type           Power      Damage    Failure   Level
a - Freeze                Ice            92%        1d10      1%          1
b - Frozen Ramparts       Ice            46%        1d6       5%          3

Your spell library contained the following spells:

 Spells                   Type           Power      Damage    Failure   Level
 Ozocubu's Armour         Ice            23%        N/A       5%          3
 Hailstorm                Conj/Ice       13%        3d5       43%         4


Dungeon Overview and Level Annotations

Branches:
Dungeon (4/15)
 Temple: D:4-7

Shops:
D:1 (   D:2 (

Annotations:
D:4 1 transporter, Doot's ghost, amateur GrEE


Innate Abilities, Weirdness & Mutations

Your attributes grow dramatically as you level up.
You have an increased reservoir of magic. (+10% MP)
You shall have no god before yourself.


Message History

The adder skeleton completely misses you.
Your frozen ramparts will break if you move.
Continue?
Okay, then.
Casting: Frozen Ramparts (dangerous; 5% risk of failure)
Confirm with . or Enter, or press ? or * to list all spells.
Aiming: Freeze (safe; 1% risk of failure)
Press: ? - help, Shift-Dir - straight line, f - gnoll
Aim: a gnoll, wielding a +0 flail (moderately wounded)
Okay, then.
Casting: Freeze (safe; 1% risk of failure)
Confirm with . or Enter, or press ? or * to list all spells.
Aiming: Freeze (safe; 1% risk of failure)
Press: ? - help, Shift-Dir - straight line, f - gnoll
Aim: a gnoll, wielding a +0 flail (moderately wounded)
You freeze the gnoll.
The gnoll is heavily wounded.
Doot's ghost says, "You will join me soon!"
The wall freezes the gnoll. x2
The gnoll hits you from afar with a +0 spear.
The gnoll closely misses you.
The adder skeleton completely resists.
The wall freezes the adder skeleton but does no damage.
The adder skeleton misses you.
The wall freezes the gnoll.
The gnoll hits you from afar with a +0 spear!
* * * LOW HITPOINT WARNING * * *
Casting: Freeze (safe; 1% risk of failure)
Confirm with . or Enter, or press ? or * to list all spells.
You don't have enough magic to cast this spell.
Unknown command.
Unknown command.
It was a potion of might.
You feel very mighty all of a sudden.
The wall freezes the gnoll. x2
You kill the gnoll!
The adder skeleton completely resists.
The wall freezes the adder skeleton but does no damage.
The adder skeleton barely misses you. The gnoll hits you with a +0 flail.
* * * LOW HITPOINT WARNING * * *
The wall freezes the gnoll.
The gnoll hits you from afar with a +0 spear!
You die...

#..###### #..# #..#..... ###.####
...#####..#..##. #....... .....
............#.#O.# #.##.... ..B
.#.....######.#.#..# #.##.... ...
.>.. .... ##.©#O.##..#.##....
...##... ..#.##...#O....©#..#....
...##......#..g.g©#W.##..#.##....
.#....##.....g).@.#O#..#.#.##....
.#........#####Z#.#.#..# ###.....
.....<....####..#.#..##..##....##
.....Z..#.........#......#.)#.###
.)...g..# ##.##...########......#
.....g..# #.....####.............
..#.....###.................†....
..#..#g.....#######..#...........
.).........## #.#..#.........


You could see 3 ogres, Doot's ghost, 3 gnolls and an adder skeleton.

Vanquished Creatures
  An ogre (D:4)
  2 orc wizards (D:3)
  A hound skeleton (D:4)
  A gnoll (D:4)
  An adder (D:3)
  3 worms
  A dart slug (D:1)
  8 orcs
  8 bats
  4 endoplasms
  4 giant cockroaches
  4 goblins
  6 hobgoblins
  11 jackals
  7 quokkas
  7 ball pythons
  9 frilled lizards
  7 kobolds
  5 rats
90 creatures vanquished.

Vanquished Creatures (others)
  A plant (D:1)
1 creature vanquished.

Grand Total: 91 creatures vanquished

Notes
Turn   | Place    | Note
-------+----------+-------------------------------------------
     0 | D:1      | McKennaii the Demigod Ice Elementalist began the quest for
                  | the Orb.
     0 | D:1      | Reached XP level 1. HP: 14/14 MP: 5/5
   208 | D:1      | Found Plog's Antique Weapon Emporium.
   337 | D:1      | Reached XP level 2. HP: 20/20 MP: 2/7
  1018 | D:1      | Reached XP level 3. HP: 21/26 MP: 4/8
  1570 | D:2      | Found Caesoqey's Antique Weapon Shoppe.
  1938 | D:3      | Reached skill level 4 in Ice Magic
  2705 | D:3      | Learned a level 3 spell: Frozen Ramparts
  2925 | D:3      | Reached XP level 4. HP: 29/33 MP: 5/10
  4184 | D:4      | Noticed an ogre
  4291 | D:4      | Noticed an ogre
  4291 | D:4      | Noticed Doot's ghost (amateur GrEE)
  4308 | D:4      | Noticed an ogre
  4312 | D:4      | Reached XP level 5. HP: 36/38 MP: 4/12
  4317 | D:4      | Killed an ogre
  4658 | D:4      | Found a transporter.
  4660 | D:4      | Identified the +10 dire flail of Interdependent Arising
                  | {venom, rElec}
  4660 | D:4      | Noticed an ogre
  4682 | D:4      | Mangled by a gnoll

Illustrated notes

Levels and vault maps discovered:
D:1:      psy_arrival_conway, layout_basic, serial_shops,
          nicolae_shop_overgrown_old_shop, chequers_ecumenical_altar_simple
D:2:      layout_basic, serial_shops, nicolae_square_shop, kennysheep_crisscross
D:3:      layout_basic, nicolae_sif_muna_condensation,
          overflow_temple_1_default, kennysheep_generic_room_15
D:4:      layout_rooms, gammafunk_ghost_smash

Skill      XL: |  1  2  3  4  5 |
---------------+----------------+-----
Stealth        | 2 3 |  3.0
Dodging        | 2 3 |  3.0
Spellcasting   | 2 3 |  3.1
Ice Magic      | 4 |  4.8

Action                   |  1- 3 |  4- 6 || total
-------------------------+-------+-------++-------
Melee: Unarmed           |    29 |    29 ||    58
 Cast: Freeze            |   105 |    57 ||   162
       Frozen Ramparts   |       |     3 ||     3
  Use: Potion            |       |     2 ||     2
Armor: Robe              |    26 |    16 ||    42
       Skin              |       |     3 ||     3
Dodge: Dodged            |    79 |    61 ||   140
